 Dungeon Crawl Stone Soup version 0.25-a0-927-g39f137c8b7 (webtiles) character file.

Game seed: 4580865906980241653, levelgen mode: deterministic

620 Maedhros the Insei (level 7, -10/43 HPs)
             Began as an Octopode Artificer on May 3, 2020.
             Mangled by an ogre
             ... wielding a cursed -1 giant club
              (16 damage)
             ... on level 6 of the Dungeon.
             The game lasted 00:03:39 (1913 turns).

Maedhros the Insei (Octopode Artificer)             Turns: 1913, Time: 00:03:40

Health: -10/43     AC:  1    Str: 10 (11) XL:     7   Next: 46%
Magic:  9/9        EV: 13    Int: 11 (14) God:
Gold:   123        SH:  4    Dex: 17 (19) Spells: 5/6 levels left

rFire    . . .     SeeInvis .   l - +1 dagger (elec)
rCold    . . .     Gourm    .   h - +0 buckler
rNeg     . . .     Faith    .   (helmet restricted)
rPois    .         Spirit   .   (no amulet)
rElec    .         Reflect  .   q - +5 ring of dexterity
rCorr    .         Harm     .   (no ring)
MR       .....                  (no ring)
Stlth    ++++......             (no ring)
HPRegen  0.14/turn              (no ring)
MPRegen  0.11/turn              (no ring)
                                (no ring)
                                (no ring)

@: brilliant, flying
A: almost no armour, stealthy swim, amphibious, 8 rings, constrict 8, camouflage
1, gelatinous body 1
a: no special abilities


You were on level 6 of the Dungeon.
You were not hungry.

You visited 1 branch of the dungeon, and saw 6 of its levels.

You collected 123 gold pieces.

Inventory:

Hand Weapons
 a - a +0 short sword
 l - a +1 dagger of electrocution (weapon)
Armour
 h - a +0 buckler (worn)
Jewellery
 q - a +5 ring of dexterity (left tentacle)
Wands
 b - a wand of flame (7)
 c - a wand of enslavement (9)
 d - a wand of random effects (10)
 e - a wand of iceblast (7)
Scrolls
 g - 5 scrolls of identify {unknown}
 i - 2 scrolls of amnesia {unknown}
 j - a scroll of noise {unknown}
 n - a scroll of teleportation {unknown}
 o - 3 scrolls of enchant weapon {unknown}
 r - a scroll of blinking {unknown}
Comestibles
 f - 4 rations
 s - a chunk of flesh


   Skills:
 - Level 1.0 Fighting
 - Level 1.0 Short Blades
 - Level 2.0 Dodging
 - Level 4.0 Stealth
 + Level 6.5 Unarmed Combat
 + Level 2.8 Necromancy
 - Level 3.2 Evocations


You had 5 spell levels left.
You knew the following spells:

 Your Spells              Type           Power        Failure   Level  Hunger
a - Animate Skeleton      Necr           N/A          19%         1    None

Your spell library contained the following spells:

 Spells                   Type           Power        Failure   Level  Hunger
 Apportation              Tloc           #.....       52%         1    None
 Corona                   Hex            #......      52%         1    None
 Summon Small Mammal      Summ           #...         52%         1    None


Dungeon Overview and Level Annotations

Branches:
Dungeon (6/15)
 Temple: D:4-7

Altars:
Uskayaw
Yredelemnul
The Shining One


Innate Abilities, Weirdness & Mutations

You cannot wear most types of armour.
You are very stealthy in the water. (Stealth+)
You are amphibious.
You can wear up to eight rings at the same time.
You can use your tentacles to constrict eight enemies at once.
Your skin changes colour to match your surroundings (Stealth+).
Your rubbery body absorbs attacks. (AC +1, EV +1)


Message History

The ogre is severely wounded.
The iceblast engulfs your orc wizard!!
You kill your orc wizard!
The orc shouts!
Evoke which item? (* to show all) (? for menu, Esc to quit)
Aiming: Throw Flame
Press: ? - help, Shift-Dir - straight line, f/p - ogre
Aim: an ogre, wielding a -1 giant club (severely wounded)
The puff of flame hits the ogre.
The ogre is almost dead.
The orc hits you.
* * * LOW HITPOINT WARNING * * *
Evoke which item? (* to show all) (? for menu, Esc to quit)
Aiming: Throw Flame
Press: ? - help, Shift-Dir - straight line, f/p - ogre
Aim: an ogre, wielding a -1 giant club (almost dead)
The puff of flame hits the ogre.
The ogre is almost dead.
The ogre hits you with a cursed -1 giant club!
You die...

##########
##.....#...
##.......>..
#...........
#...........
#......)....
#..†........
#.@o........
#..O[)......
##..(.).....
##...).#...
#####)..##
.#)# #..# ..


You could see an ogre and an orc (confused).

Vanquished Creatures
  A centaur (D:6)
  A bullfrog (D:6)
  A scorpion (D:6)
  A crimson imp (D:5)
  A hound (D:6)
  5 orc wizards
  An orc priest (D:6)
  2 worker ants
  A hound skeleton (D:4)
  3 gnolls (D:6)
  4 adders
  An adder zombie (D:5)
  3 worms
  3 dart slugs
  A leopard gecko (D:4)
  10 orcs
  8 bats
  4 giant cockroaches
  5 goblins
  5 hobgoblins
  4 jackals (D:4)
  A kobold (D:1)
  A quokka (D:5)
  2 ball pythons
  A frilled lizard (D:3)
  4 rats
74 creatures vanquished.

Vanquished Creatures (collateral kills)
  An orc (D:6)
1 creature vanquished.

Vanquished Creatures (others)
  A gnoll shaman (D:6)
1 creature vanquished.

Grand Total: 76 creatures vanquished

Notes
Turn   | Place    | Note
-------+----------+-------------------------------------------
     0 | D:1      | Maedhros the Octopode Artificer began the quest for the
                  | Orb.
     0 | D:1      | Reached XP level 1. HP: 13/13 MP: 3/3
   100 | D:2      | Reached XP level 2. HP: 16/18 MP: 4/4
   128 | D:2      | Reached XP level 3. HP: 23/23 MP: 5/5
   133 | D:2      | Reached skill level 1 in Unarmed Combat
   501 | D:3      | Found a hide-covered altar of Uskayaw.
   503 | D:3      | Reached skill level 2 in Unarmed Combat
   503 | D:3      | Reached XP level 4. HP: 26/28 MP: 6/6
   521 | D:3      | Reached skill level 3 in Unarmed Combat
   526 | D:3      | Found a glowing golden altar of the Shining One.
   545 | D:3      | Found a basalt altar of Yredelemnul.
   648 | D:3      | Found a faded altar of an unknown god.
   769 | D:4      | Reached XP level 5. HP: 28/33 MP: 7/7
   853 | D:4      | Reached skill level 4 in Unarmed Combat
  1005 | D:4      | Reached skill level 5 in Unarmed Combat
  1005 | D:4      | Reached XP level 6. HP: 34/38 MP: 8/8
  1308 | D:5      | Entered Level 5 of the Dungeon
  1855 | D:5      | Learned a level 1 spell: Animate Skeleton
  1886 | D:6      | Reached skill level 1 in Necromancy
  1891 | D:6      | Reached skill level 6 in Unarmed Combat
  1891 | D:6      | Reached XP level 7. HP: 34/43 MP: 9/9
  1913 | D:6      | Mangled by an ogre

Levels and vault maps discovered:
D:1:      lightli_iron_boxes, layout_loops_ring, serial_rivers,
          chequers_serial_rivers_micro_e, chequers_serial_rivers_large_a,
          chequers_serial_rivers_room_a, chequers_serial_rivers_small_3,
          chequers_serial_rivers_marsh, st_stairs_7
D:2:      minmay_diamond_boxcup, layout_rooms, lemuel_doored_altar, tgw_xom,
          serial_forest, infiniplex_forest_zigzag_1,
          infiniplex_forest_lined_room_, infiniplex_forest_end_3,
          infiniplex_forest_clump_long, infiniplex_forest_straight_3,
          infiniplex_forest_3_way, infiniplex_forest_lined_ring,
          infiniplex_forest_straight_2
D:3:      layout_rooms, old_standard_altar, nicolae_overflow_hidden_temple,
          chequers_temple_overflow_statue_of_worship, first_ration,
          chequers_ecumenical_altar_island
D:4:      layout_loops_ring
D:5:      layout_basic
D:6:      layout_rooms, kennysheep_little_box, minmay_temple_entry_poolview,
          uniq_grinder, uniq_edmund

Skill      XL: |  1  2  3  4  5  6  7 |
---------------+----------------------+-----
Stealth        | 3 4 |  4.0
Unarmed Combat | 2 3 5 6 |  6.5
Necromancy     | 1 2 |  2.8
Fighting       | |  1.0
Short Blades   | |  1.0
Dodging        | |  2.0
Evocations     | |  3.2

Action                   |  1- 3 |  4- 6 |  7- 9 || total
-------------------------+-------+-------+-------++-------
Melee: Short sword       |    39 |    30 |       ||    69
       Constrict         |    12 |    17 |     2 ||    31
       Tentacles         |     9 |    12 |       ||    21
       Punch             |       |     2 |       ||     2
       Dagger            |       |    44 |     4 ||    48
Evoke: Wand              |       |     7 |    15 ||    22
  Use: Potion            |       |       |     3 ||     3
 Stab: Sleeping          |     8 |    19 |       ||    27
       Distracted        |       |     1 |       ||     1
  Eat: Chunk             |       |     3 |       ||     3
Armor: Skin              |     1 |     1 |       ||     2
Dodge: Dodged            |    26 |    18 |    12 ||    56
Block: Buckler           |       |     9 |     4 ||    13

Table legend:
 A = Non-vault XP
 B = Vault XP
 C = Vault XP percentage of total XP
 D = Non-vault monster count
 E = Vault monster count
 F = Vault count percentage of total count
                 A         B        C        D         E       F
            +---------+---------+-------+---------+---------+-------
      Total |     887 |       0 |   0.0 |      75 |       0 |   0.0
            +---------+---------+-------+---------+---------+-------
        D:1 |       6 |       0 |   0.0 |       3 |       0 |   0.0
        D:2 |      59 |       0 |   0.0 |      18 |       0 |   0.0
        D:3 |      78 |       0 |   0.0 |      17 |       0 |   0.0
        D:4 |     213 |       0 |   0.0 |      19 |       0 |   0.0
        D:5 |     110 |       0 |   0.0 |       7 |       0 |   0.0
        D:6 |     421 |       0 |   0.0 |      11 |       0 |   0.0
            +---------+---------+-------+---------+---------+-------
